AoeStats
← _LY_抖音肥龙

Arabia

504478246Analyzed
1v1 RM · 26d ago on Sep 5, 2026· 52m 44s· 2 players
Game mode
Random Map
Map size
Tiny (2 player)
Population
200
Speed
Normal
Resources
Standard
Victory
Conquest
Starting age
Dark Age
Ending age
Imperial Age
RankedLock teamsTeams togetherTeam positionsShared explorationLock speedFull tech treeHidden civsTurbo modeCheats
Victory
Defeat
🇫🇷 Portuguese · France
2743
+20
🇭🇰 Khmer · Hong Kong SAR China
2832
-20
DS_Ciskhan
5:37 Loom
8:50 Feudal Age
9:39 Double-Bit Axe
13:25 Horse Collar
18:49 Castle Age
17:44 Fletching
18:26 Gold Mining
19:32 Bodkin Arrow
19:49 Bow Saw
21:19 Husbandry
23:45 Bloodlines
25:33 Ballistics
26:30 Wheelbarrow
26:11 Padded Archer Armor
26:06 Town Watch
26:56 Heavy Plow
28:12 Hand Cart
28:44 Husbandry
34:22 Imperial Age
33:34 Scale Barding Armor
34:44 Chain Barding Armor
34:30 Cavalier
36:00 Plate Barding Armor
37:01 Bracer
38:16 Two-Man Saw
37:41 Thumb Ring
38:01 Conscription
40:36 Forging
41:38 Chemistry
44:13 Iron Casting
44:58 Siege Engineers
46:17 Blast Furnace
45:56 Leather Archer Armor
48:22 Crop Rotation
47:51 Arson
48:12 Scale Mail Armor
50:28 Ring Archer Armor
50:35 Masonry
_LY_抖音肥龙
7:51 Feudal Age
8:04 Loom
8:47 Double-Bit Axe
9:19 Horse Collar
18:16 Castle Age
16:53 Gold Mining
17:28 Bloodlines
19:30 Bow Saw
20:18 Husbandry
21:32 Wheelbarrow
21:22 Fletching
22:53 Bodkin Arrow
24:56 Padded Archer Armor
25:11 Elite Skirmisher
27:37 Ballistics
27:36 Leather Archer Armor
28:08 Hand Cart
33:36 Imperial Age
31:07 Light Cavalry
31:53 Scale Barding Armor
31:53 Heavy Plow
32:21 Forging
32:58 Chain Barding Armor
33:26 Town Watch
34:42 Conscription
35:13 Plate Barding Armor
35:42 Iron Casting
36:21 Bracer
37:26 Chemistry
36:13 Hussar
36:30 Pikeman
37:39 Scale Mail Armor
37:58 Halberdier
39:17 Chain Mail Armor
39:57 Siege Engineers
41:57 Blast Furnace
41:01 Stone Mining
41:20 Capped Ram
43:52 Ring Archer Armor
43:47 Siege Ram
45:40 Masonry
46:41 Hoardings
48:52 Architecture
49:37 Crop Rotation
Connection lost

Rejoining the realm…

Still unreachable

The connection could not be restored.

Session expired

The server has moved on; the page needs a fresh start.